[Event "Titled Tuesday Blitz May 9 Early 2023"]
[White "Sarana, Alexey"]
[Black "Ivic, Velimir"]
[WhiteFideId "24133795"]
[BlackFideId "950122"]
[WhiteElo "2714"]
[BlackElo "2563"]
[Result "0-1"]
[Round "09"]
[TimeControl "180+2"]
[Date "2023.05.09"]
[WhiteClock "0:00:04"]
[BlackClock "0:00:06"]

1. d4 Nf6 2. c4 g6 3. Nc3 Bg7 4. e4 d6 5. Be2 O-O 6. Be3 c5 7. d5 e6 8. Nf3 exd5 9. cxd5 b5 10. e5 dxe5 11. Bxc5 Re8 12. Bxb5 Nbd7 13. Be3 Ng4 14. O-O Nxe3 15. fxe3 Rb8 16. Qd2 Rf8 17. Kh1 f5 18. e4 fxe4 19. Ng5 Bh6 20. h4 Nf6 21. d6 Bf5 22. Rad1 Ng4 23. Be2 Nf6 24. Bc4+ Kh8 25. b3 Ng4 26. d7 e3 27. Qd6 Bxg5 28. hxg5 Qxg5 29. Rf3 Qh4+ 30. Rh3 Nf2+ 31. Kh2 Qf4+ 32. Rg3 Ng4+ 33. Kg1 Qxg3 34. d8=Q Rbxd8 0-1


[Site "https://www.chess.com"]

[Event "Titled Tuesday Blitz May 9 Early 2023"]
[White "Donchenko, Alexander"]
[Black "Maghsoodloo, Parham"]
[WhiteFideId "24603295"]
[BlackFideId "12539929"]
[WhiteElo "2554"]
[BlackElo "2655"]
[Result "1-0"]
[Round "09"]
[TimeControl "180+2"]
[Date "2023.05.09"]
[WhiteClock "0:00:04"]
[BlackClock "0:00:00"]

1. c4 e5 2. g3 Bc5 3. Bg2 Nf6 4. Nc3 c6 5. e3 d5 6. cxd5 cxd5 7. d4 exd4 8. exd4 Bb6 9. Nge2 Nc6 10. O-O h6 11. h3 O-O 12. Be3 Ne7 13. Na4 Bc7 14. Rc1 Re8 15. Qd2 Nf5 16. Bf4 Rxe2 17. Qxe2 Bxf4 18. gxf4 Nxd4 19. Qd2 Nf5 20. Rfd1 Nh4 21. Bxd5 Qe8 22. Nc5 Nxd5 23. Qxd5 Bxh3 24. Re1 Qd8 25. Qxd8+ Rxd8 26. Kh2 Bf5 27. Kg3 Ng6 28. Red1 Re8 29. Re1 Rd8 30. Red1 Re8 31. Nxb7 h5 32. Nd6 h4+ 33. Kh2 Re2 34. Nxf5 Rxf2+ 35. Kg1 Rxf4 36. Ne3 Rf3 37. Nf1 Nf4 38. Rd2 g5 39. Rc3 Nh3+ 40. Kg2 1-0


[Site "https://www.chess.com"]

[Event "Titled Tuesday Blitz May 9 Early 2023"]
[White "Ter-Sahakyan, Samvel"]
[Black "Mekhitarian, Krikor Sevag"]
[WhiteFideId "13302531"]
[BlackFideId "2107660"]
[WhiteElo "2545"]
[BlackElo "2604"]
[Result "1-0"]
[Round "09"]
[TimeControl "180+2"]
[Date "2023.05.09"]
[WhiteClock "0:00:28"]
[BlackClock "0:00:02"]

1. d4 Nf6 2. c4 g6 3. Nc3 d5 4. cxd5 Nxd5 5. Bd2 Bg7 6. e4 Nb6 7. Be3 O-O 8. a4 e5 9. d5 c6 10. a5 N6d7 11. Nf3 Nf6 12. Bc4 cxd5 13. Nxd5 Nxe4 14. O-O Nc6 15. Re1 Nd6 16. Bg5 Qd7 17. Ba2 e4 18. Nd2 Re8 19. Nf6+ Bxf6 20. Bxf6 Qf5 21. Bc3 Be6 22. Bb1 Bd5 23. Nf1 Qe6 24. Ne3 Bb3 25. Qg4 f5 26. Qe2 Ne5 27. Ra3 Bc4 28. Nxc4 Nexc4 29. Ba2 Rac8 30. Bb4 b5 31. axb6 axb6 32. Bxd6 Qxd6 33. Bxc4+ Kg7 34. Rd1 Qc5 35. Ra7+ Re7 36. Rxe7+ Qxe7 37. g3 Rc7 38. b3 Rd7 39. Qb2+ Kh6 40. Qc1+ Kg7 41. h4 Rxd1+ 42. Qxd1 Qe5 43. Qd7+ Kh6 44. Bg8 Kh5 45. Qxh7+ Kg4 46. Kg2 Qf6 47. Bf7 1-0


[Site "https://www.chess.com"]

[Event "Titled Tuesday Blitz May 9 Early 2023"]
[White "Shimanov, Aleksandr"]
[Black "Ohanyan, Emin"]
[WhiteFideId "4198603"]
[BlackFideId "13312022"]
[WhiteElo "2631"]
[BlackElo "2411"]
[Result "1-0"]
[Round "09"]
[TimeControl "180+2"]
[Date "2023.05.09"]
[WhiteClock "0:00:06"]
[BlackClock "0:00:01"]

1. Nf3 d5 2. c4 d4 3. g3 g6 4. Bg2 Bg7 5. O-O Nc6 6. d3 Nf6 7. Na3 O-O 8. Nc2 a5 9. Rb1 Nd7 10. a3 a4 11. Nb4 Nc5 12. Nxc6 bxc6 13. Nd2 Qd7 14. b4 axb3 15. Nxb3 Na4 16. Bd2 Ba6 17. Qc2 Rfb8 18. Na5 Nc5 19. Bxc6 Qh3 20. Bb4 Ne6 21. Bg2 Qh5 22. Nc6 Re8 23. Nxe7+ Kh8 24. Nd5 Bb7 25. Rfe1 Ng5 26. h4 Ne6 27. Nf6 Bxf6 28. Bxb7 g5 29. Bf3 Qh6 30. h5 g4 31. Bxg4 Rg8 32. Bd2 Bg5 33. Bxg5 Rxg5 34. Bxe6 fxe6 35. Kg2 Rf8 36. Rh1 Rgf5 37. Rbf1 Qg5 38. Rh4 Rg8 39. Rh3 Qg4 40. Qd2 Re5 41. f3 Qf5 42. Rf2 Re3 43. g4 Rxg4+ 44. Rg3 Rxg3+ 45. Kxg3 Qg5+ 46. Kh2 Qxh5+ 47. Kg1 Qg5+ 48. Rg2 Qh4 49. Qb4 Qd8 50. Qc5 h6 51. Qh5 Qf8 52. Qg6 Re5 53. a4 Ra5 54. Qxe6 Rh5 55. Qg6 Re5 56. Qg3 Rf5 57. Qxc7 Rf6 58. Qe5 Kh7 59. Qe4+ Kh8 60. Qxd4 Kh7 61. Qe4+ Kh8 62. Qe5 Kh7 63. d4 Rf5 64. Qe4 Qf7 65. c5 Kh8 66. c6 Ra5 67. c7 Ra8 68. Qe5+ Kh7 69. Qe4+ 1-0


[Site "https://www.chess.com"]

[Event "Titled Tuesday Blitz May 9 Early 2023"]
[White "Rodshtein, Maxim"]
[Black "Pranesh M"]
[WhiteFideId "2806851"]
[BlackFideId "35028600"]
[WhiteElo "2555"]
[BlackElo "2437"]
[Result "1-0"]
[Round "09"]
[TimeControl "180+2"]
[Date "2023.05.09"]
[WhiteClock "0:00:20"]
[BlackClock "0:00:00"]

1. d4 d5 2. Nf3 c6 3. e3 Nf6 4. c4 e6 5. b3 Nbd7 6. Bb2 Ne4 7. Bd3 f5 8. O-O Bd6 9. Nc3 O-O 10. Ne2 Qf6 11. Qc1 g5 12. Ba3 g4 13. Bxe4 Bxa3 14. Qxa3 fxe4 15. Nd2 e5 16. cxd5 cxd5 17. Rac1 exd4 18. Nxd4 Ne5 19. Rc7 Rf7 20. Qc5 Nd3 21. Qxd5 Kg7 22. Nxe4 Qg6 23. Rxf7+ Qxf7 24. Qg5+ Qg6 25. Qe7+ Qf7 26. Qxf7+ Kxf7 27. Rd1 Ne5 28. Rc1 Bd7 29. Rc7 Kg6 30. Kf1 a5 31. Nc5 Be8 32. Re7 Nc6 33. Rxb7 Nb4 34. Rb6+ Kf7 35. a3 Nd5 36. Rb7+ Kg6 37. Ke2 Rc8 38. Nd3 Nc3+ 39. Ke1 Ne4 40. f3 gxf3 41. gxf3 Ng5 42. Nf4+ Kh6 43. Rb6+ Kg7 44. h4 Nf7 45. Nf5+ Kh8 46. e4 Ne5 47. Kf2 Rc2+ 48. Ke3 Rc8 49. Nd5 a4 50. f4 Ng4+ 51. Kf3 Bh5 52. Ng3 Ne5+ 53. Ke3 Ng4+ 54. Kd4 Be8 55. bxa4 Nh2 56. a5 Nf3+ 57. Ke3 Nxh4 58. a6 Ng2+ 59. Kf3 Ne1+ 60. Kg4 Bd7+ 61. f5 Rg8+ 62. Kh3 Nd3 63. a7 Nf2+ 64. Kh2 Ng4+ 65. Kg2 Ne5 66. Rb8 Bc6 67. Ne7 Bxe4+ 68. Kf2 1-0


[Site "https://www.chess.com"]

[Event "Titled Tuesday Blitz May 9 Early 2023"]
[White "Fernandez Guillen, Ernesto J."]
[Black "Demchenko, Anton"]
[WhiteFideId "3512428"]
[BlackFideId "4160258"]
[WhiteElo "2429"]
[BlackElo "2545"]
[Result "0-1"]
[Round "09"]
[TimeControl "180+2"]
[Date "2023.05.09"]
[WhiteClock "0:00:33"]
[BlackClock "0:00:11"]

1. e4 e5 2. Nf3 Nc6 3. d4 exd4 4. Bc4 Nf6 5. O-O Nxe4 6. Re1 d5 7. Bxd5 Qxd5 8. Nc3 Qd8 9. Nxe4 Be7 10. Bg5 f6 11. Nxf6+ gxf6 12. Bxf6 O-O 13. Bxe7 Nxe7 14. Qe2 Ng6 15. Qc4+ Kh8 16. Nxd4 Qf6 17. f3 Nf4 18. Rad1 Qg7 19. g3 c6 20. Re4 Nd5 21. Rde1 Bd7 22. c3 Rae8 23. Qc5 Rxe4 24. Rxe4 b6 25. Qd6 c5 26. Ne2 Qf6 27. Qe5 Bc6 28. Qxf6+ Rxf6 29. f4 Rf7 30. Re5 Re7 31. Rxe7 Nxe7 32. Kf2 Kg7 33. g4 Bd5 34. b3 a5 35. h3 a4 36. c4 Bc6 37. Ke3 axb3 38. axb3 Nc8 39. f5 Nd6 40. Kf4 b5 41. Ke5 Nb7 42. Nf4 Kf7 43. g5 b4 44. h4 Na5 45. Kd6 Bf3 46. Kxc5 Nxb3+ 47. Kxb4 Nd4 48. g6+ Kg7 49. gxh7 Nxf5 50. Ng6 Kxh7 51. Ne5 Be4 52. Kc5 Nxh4 53. Kd6 Nf5+ 54. Ke6 Nd4+ 55. Kd6 Kg7 56. c5 Kf6 57. Nd7+ Kf5 58. c6 Nxc6 59. Nc5 Bf3 60. Kc7 Nd4 61. Kb6 Nc2 62. Nd3 Be2 63. Nc5 Ke5 64. Nd7+ Kd6 65. Nf8 Ne3 66. Ng6 Nd5+ 67. Ka5 Bd3 68. Nh4 Be4 69. Kb5 Ke6 70. Kc5 Ke5 71. Kc4 Kf4 72. Kd4 Ne7 73. Kc4 Ng8 74. Kd4 Nf6 75. Kc5 Kg4 76. Kd4 Kxh4 77. Ke5 Kg5 78. Kd4 Kf4 79. Kc3 Ke3 80. Kb2 Nd5 81. Ka1 Kd4 82. Kb2 Kc4 83. Ka1 Nb4 84. Kb2 Bd5 85. Ka1 Kc3 86. Kb1 Nc2 87. Kc1 Ba2 88. Kd1 Nd4 89. Kc1 Ne2+ 90. Kd1 Kd3 91. Ke1 Ke3 92. Kd1 Bb3+ 93. Ke1 Nf4 94. Kf1 Kf3 95. Ke1 Ke3 96. Kf1 Ba4 97. Ke1 Ng2+ 98. Kf1 Kf3 99. Kg1 Kg3 100. Kf1 Bb5+ 101. Kg1 Nf4 102. Kh1 Bc4 103. Kg1 Nh3+ 104. Kh1 Bd5# 0-1


[Site "https://www.chess.com"]

[Event "Titled Tuesday Blitz May 9 Early 2023"]
[White "Costachi, Mihnea"]
[Black "Peng, Li Min"]
[WhiteFideId "1217518"]
[BlackFideId "14112620"]
[WhiteElo "2456"]
[BlackElo "2436"]
[Result "0-1"]
[Round "09"]
[TimeControl "180+2"]
[Date "2023.05.09"]
[WhiteClock "0:02:22"]
[BlackClock "0:02:10"]

1. Nc3 d5 2. d4 Nf6 3. Bf4 e6 4. e3 Bb4 5. Bd3 c5 6. Ne2 c4 7. O-O cxd3 8. cxd3 O-O 9. Qb3 Nc6 10. a3 Bd6 11. Bg5 h6 12. Bh4 Be7 13. Rac1 Bd7 14. Qa2 a6 15. b4 Rc8 16. Rc2 b5 17. Rfc1 a5 18. Nxb5 axb4 19. a4 Qb6 20. Rb2 Na5 21. Rxc8 Rxc8 22. Bxf6 gxf6 23. h4 Bxb5 24. axb5 Qxb5 25. Qb1 b3 26. Nc1 Ba3 27. Rxb3 Nxb3 0-1


[Site "https://www.chess.com"]

[Event "Titled Tuesday Blitz May 9 Early 2023"]
[White "Quesada Perez, Yuniesky"]
[Black "Simonian, Hrair"]
[WhiteFideId "3504409"]
[BlackFideId "13302337"]
[WhiteElo "2585"]
[BlackElo "2447"]
[Result "0-1"]
[Round "09"]
[TimeControl "180+2"]
[Date "2023.05.09"]
[WhiteClock "0:00:25"]
[BlackClock "0:00:01"]

1. e4 c5 2. Nf3 d6 3. d4 cxd4 4. Nxd4 Nf6 5. Nc3 a6 6. Be3 e5 7. Nb3 Be6 8. Qd2 Nbd7 9. O-O-O Rc8 10. f4 exf4 11. Bxf4 Ne5 12. Nd4 Be7 13. Nf5 Bxf5 14. exf5 O-O 15. Kb1 Qc7 16. h3 b5 17. a3 Nc4 18. Bxc4 Qxc4 19. Rhe1 Rfe8 20. g4 b4 21. axb4 Qxb4 22. g5 Rb8 23. b3 Nh5 24. Be3 Bf8 25. Bd4 a5 26. Rxe8 Rxe8 27. Nd5 Qb7 28. Bb2 a4 29. bxa4 Rb8 30. Qd4 Ng3 31. a5 Ne2 32. Qb6 Qc8 33. Qe3 Qb7 34. Nb6 Qg2 35. f6 g6 36. Ka2 Ng3 37. Rg1 Qxc2 38. Rxg3 d5 39. Qb3 Qf2 40. Rc3 d4 41. Rc4 Qe1 42. Qb5 d3 43. Rd4 d2 44. Qd5 Bb4 45. Bc3 d1=Q 46. Rd3 Qb1# 0-1


[Site "https://www.chess.com"]

[Event "Titled Tuesday Blitz May 9 Early 2023"]
[White "Galchenko, Matvey"]
[Black "Averjanov, Alexey"]
[WhiteFideId "24175480"]
[BlackFideId "14109867"]
[WhiteElo "2423"]
[BlackElo "2717"]
[Result "1-0"]
[Round "09"]
[TimeControl "180+2"]
[Date "2023.05.09"]
[WhiteClock "0:00:07"]
[BlackClock "0:00:00"]

1. f4 d5 2. Nf3 Nf6 3. g3 g6 4. Bg2 Bg7 5. O-O O-O 6. d3 c5 7. Nc3 d4 8. Na4 Nbd7 9. c4 Rb8 10. a3 a5 11. e4 dxe3 12. Bxe3 b6 13. Nc3 Bb7 14. Qe2 e6 15. Rad1 Qe7 16. Kh1 Rfd8 17. d4 cxd4 18. Nxd4 Nc5 19. Nc6 Bxc6 20. Bxc6 Rbc8 21. Bg2 h5 22. Nb5 Kh7 23. Nd4 Qc7 24. Nb5 Qe7 25. Bd4 Ng4 26. Bg1 Nf6 27. Nd4 Rd7 28. Nc6 Qe8 29. Ne5 Rxd1 30. Rxd1 Kg8 31. b4 axb4 32. axb4 Ncd7 33. Nf3 Qe7 34. Rb1 Qd6 35. Nd4 Qc7 36. Nb5 Qxc4 37. Qxc4 Rxc4 38. Nd6 Rc2 39. b5 Ng4 40. Bc6 Ngf6 41. Rd1 Nc5 42. Nc8 Na4 43. Nxb6 Nc3 44. Rd8+ Kh7 45. Nc4 Ng4 46. Rd2 Rc1 47. Na3 h4 48. Kg2 hxg3 49. hxg3 Nf6 50. b6 Nfe4 51. Bxe4 Nxe4 52. b7 Nxd2 53. b8=Q Ne4 54. Qb7 Nd6 55. Qd7 Rd1 56. Nc4 Bf8 57. Nxd6 Bxd6 58. Qxf7+ Kh6 59. Qxe6 Rd2+ 60. Kf3 Bf8 61. Be3 Rd3 62. f5+ Kh7 63. Qxg6+ Kh8 64. Ke4 1-0


[Site "https://www.chess.com"]

[Event "Titled Tuesday Blitz May 9 Early 2023"]
[White "Domingo Nunez, Ruben"]
[Black "Kamsky, Gata"]
[WhiteFideId "22245570"]
[BlackFideId "2000024"]
[WhiteElo "2404"]
[BlackElo "2660"]
[Result "1/2-1/2"]
[Round "09"]
[TimeControl "180+2"]
[Date "2023.05.09"]
[WhiteClock "0:00:03"]
[BlackClock "0:00:11"]

1. b3 d5 2. Bb2 Bf5 3. Nf3 e6 4. g3 Nf6 5. Bg2 h6 6. O-O a5 7. a4 Nbd7 8. d3 Bh7 9. Ne5 Nxe5 10. Bxe5 Bd6 11. Bb2 O-O 12. Nd2 e5 13. e3 Re8 14. e4 c6 15. Qe2 Bb4 16. Rfd1 Qc7 17. c4 Rad8 18. cxd5 cxd5 19. Rac1 Qe7 20. exd5 Nxd5 21. Be4 f5 22. Bg2 Kh8 23. Nc4 e4 24. dxe4 fxe4 25. Ne3 Nf6 26. Bh3 Rd3 27. Bxf6 Qxf6 28. Nd5 Qf8 29. Nxb4 axb4 30. Bg2 Rxb3 31. Qb5 Rb2 32. Rf1 b3 33. Qxb7 Bg6 34. a5 Ra2 35. Qxb3 Rxa5 36. Rc6 Bf5 37. Qc3 Rae5 38. Re1 Qe7 39. h4 e3 40. fxe3 Rxe3 41. Rxh6+ Bh7 42. Rxe3 Qxe3+ 43. Qxe3 Rxe3 44. Rd6 Rxg3 45. Rd8+ Bg8 46. Kh2 Rg4 47. Bd5 Rxh4+ 48. Kg3 Rd4 49. Rxg8+ Kh7 50. Rd8 Kh6 51. Rd6+ Kg5 52. Kf3 Kf5 53. Be6+ Ke5 54. Rxd4 Kxd4 55. Kf4 g5+ 56. Kxg5 1/2-1/2


[Site "https://www.chess.com"]

[Event "Titled Tuesday Blitz May 9 Early 2023"]
[White "Andreikin, Dmitry"]
[Black "Livaic, Leon"]
[WhiteFideId "4158814"]
[BlackFideId "14531534"]
[WhiteElo "2736"]
[BlackElo "2522"]
[Result "0-1"]
[Round "09"]
[TimeControl "180+2"]
[Date "2023.05.09"]
[WhiteClock "0:00:00"]
[BlackClock "0:00:03"]

1. d4 f5 2. Nf3 Nf6 3. Bg5 e6 4. Nbd2 Be7 5. e3 b6 6. Bd3 Bb7 7. c3 O-O 8. Qc2 d5 9. h3 Ne4 10. Bxe7 Qxe7 11. g4 Nd7 12. Rg1 c5 13. gxf5 exf5 14. Bb5 Ndf6 15. Ne5 f4 16. O-O-O Nxf2 17. Rde1 fxe3 18. Rxe3 cxd4 19. cxd4 Rac8 20. Rc3 N2e4 21. Nxe4 Nxe4 22. Bd3 Rxc3 23. bxc3 Qa3+ 24. Qb2 Qxc3+ 25. Qxc3 Nxc3 26. Kd2 Ne4+ 27. Ke3 Bc8 28. Bxe4 dxe4 29. d5 Bxh3 30. d6 g6 31. d7 Kg7 32. Rd1 Rd8 33. Kxe4 h5 34. Rd6 Bf5+ 35. Kf4 h4 36. Kg5 h3 37. Rf6 h2 38. Rf7+ Kg8 39. Kf6 Rxd7 40. Nxd7 Bxd7 41. Rg7+ Kh8 42. Rxd7 h1=Q 43. Rxa7 Qf1+ 44. Kxg6 Qg2+ 45. Kf6 Qf2+ 46. Ke6 Qc5 47. a4 Kg8 48. Kf6 Qd6+ 49. Kf5 Kf8 50. Ke4 Ke8 51. Ra6 Qc6+ 52. Kd4 Qc5+ 53. Kd3 Kd7 54. Ra7+ Kc6 55. Kd2 Qc4 56. Ke3 Qe6+ 57. Kd4 Qb3 58. Ke5 Qe3+ 59. Kf5 Kc5 60. a5 b5 61. a6 Kb6 62. Ra8 Qe7 0-1


[Site "https://www.chess.com"]

[Event "Titled Tuesday Blitz May 9 Early 2023"]
[White "Mitrabha, Guha"]
[Black "Goltsev, Dmitry"]
[WhiteFideId "5057000"]
[BlackFideId "24176710"]
[WhiteElo "2507"]
[BlackElo "2356"]
[Result "1-0"]
[Round "09"]
[TimeControl "180+2"]
[Date "2023.05.09"]
[WhiteClock "0:02:36"]
[BlackClock "0:01:02"]

1. Nf3 d5 2. c4 dxc4 3. e3 Nf6 4. Bxc4 Nc6 5. d4 e6 6. Nc3 Be7 7. e4 O-O 8. e5 Nd5 9. Bd3 f5 10. exf6 Bxf6 11. O-O Nxd4 12. Nxd4 Bxd4 13. Bxh7+ Kxh7 14. Qxd4 Nxc3 15. Qxc3 Qd5 16. Be3 Bd7 17. Rad1 Qb5 18. a4 Qxa4 19. Qd3+ Kg8 20. Qxd7 Qe4 21. Qxc7 Rac8 22. Qg3 Rc2 23. Rd7 Rf7 24. Qb8+ Rf8 25. Qxa7 Qc6 26. Qxb7 Qxb7 27. Rxb7 e5 28. b4 e4 29. b5 Rfc8 30. b6 Rb2 31. Rxg7+ 1-0


[Site "https://www.chess.com"]

[Event "Titled Tuesday Blitz May 9 Early 2023"]
[White "Rakotomaharo, Fy Antenaina"]
[Black "Adhiban, B."]
[WhiteFideId "13100050"]
[BlackFideId "5018471"]
[WhiteElo "2427"]
[BlackElo "2587"]
[Result "1/2-1/2"]
[Round "09"]
[TimeControl "180+2"]
[Date "2023.05.09"]
[WhiteClock "0:00:10"]
[BlackClock "0:01:39"]

1. e4 c6 2. Nf3 d5 3. d3 dxe4 4. dxe4 Qxd1+ 5. Kxd1 Nf6 6. Nbd2 g6 7. Ne5 Bg7 8. Nd3 a5 9. a4 Be6 10. Nc5 Bc8 11. f3 Nbd7 12. Nd3 b6 13. c3 Ba6 14. Kc2 O-O-O 15. Nb3 h5 16. Be3 h4 17. Be2 Bh6 18. Bxh6 Rxh6 19. Rhd1 Nh5 20. Nd4 Kc7 21. b4 Bxd3+ 22. Bxd3 Nf4 23. Bf1 Ne5 24. bxa5 bxa5 25. Nb3 Ra8 26. Rab1 g5 27. Nc5 Rd6 28. Rb7+ Kd8 29. Rdb1 g4 30. Rb8+ Rxb8 31. Rxb8+ Kc7 32. Na6+ Kd7 33. Nc5+ Kc7 34. Na6+ Kd7 35. Nc5+ Kc7 1/2-1/2


[Site "https://www.chess.com"]

[Event "Titled Tuesday Blitz May 9 Early 2023"]
[White "Pranav, V"]
[Black "MKlose11"]
[WhiteFideId "25060783"]
[WhiteElo "2515"]
[BlackElo "2608"]
[Result "1-0"]
[Round "09"]
[TimeControl "180+2"]
[Date "2023.05.09"]
[WhiteClock "0:00:38"]
[BlackClock "0:00:09"]

1. e4 e6 2. d3 d5 3. Nd2 Nf6 4. e5 Nfd7 5. Ngf3 c5 6. c3 Nc6 7. d4 cxd4 8. cxd4 Be7 9. Bd3 a5 10. O-O Qb6 11. Qa4 Qb4 12. Bb5 Qxa4 13. Bxa4 Nb6 14. Bb5 Bd7 15. a3 Nxe5 16. Bxd7+ Nexd7 17. Rd1 O-O 18. Nf1 Rfc8 19. Bd2 Nc4 20. Bc1 a4 21. h4 h6 22. Re1 Na5 23. Ne3 Bd6 24. Bd2 Nb3 25. Rad1 Nxd2 26. Rxd2 Ra6 27. g3 Rac6 28. Rdd1 Nb6 29. Nd2 Kf8 30. Kf1 Be7 31. Nf3 Nc4 32. Nxc4 Rxc4 33. Ne5 Rc2 34. Nd7+ Ke8 35. Nb6 R8c6 36. Nxa4 b5 37. Nc3 Rxb2 38. Re3 Rb3 39. Nxd5 Rxe3 40. Nxe3 Bxa3 41. d5 exd5 42. Rxd5 Bc5 43. Nf5 g6 44. Nxh6 b4 45. Rd3 Rb6 46. Rb3 Ke7 47. Ng4 Kd6 48. Ke2 Kd5 49. Rd3+ Kc4 50. Ne5+ Kb5 51. f4 Ka4 52. Kd2 b3 53. Kc1 Ba3+ 54. Kb1 f6 55. Rd4+ Bb4 56. Nd3 Rb5 57. f5 Rxf5 58. Rxb4+ Ka3 59. Rf4 Rxf4 60. Nxf4 g5 61. h5 gxf4 62. gxf4 b2 63. h6 Kb3 64. h7 Kc3 65. h8=Q Kd4 66. Qxf6+ Ke4 67. Qe5+ Kd3 68. f5 Kc4 69. f6 Kd3 70. f7 Kc4 71. f8=Q Kd3 72. Qf1+ Kd2 73. Qfe2# 1-0


[Site "https://www.chess.com"]

[Event "Titled Tuesday Blitz May 9 Early 2023"]
[White "Remizov, Yaroslav"]
[Black "Hua, Lefong"]
[WhiteFideId "34134015"]
[BlackFideId "2602253"]
[WhiteElo "2400"]
[BlackElo "2711"]
[Result "1-0"]
[Round "09"]
[TimeControl "180+2"]
[Date "2023.05.09"]
[WhiteClock "0:00:12"]
[BlackClock "0:00:00"]

1. e4 c5 2. Nf3 g6 3. d4 cxd4 4. Qxd4 Nf6 5. e5 Nc6 6. Qa4 Nd5 7. Qe4 Nb6 8. Nc3 Bg7 9. Bf4 d5 10. exd6 Bf5 11. dxe7 Bxc3+ 12. bxc3 Bxe4 13. exd8=Q+ Rxd8 14. Nd4 O-O 15. O-O-O Rc8 16. f3 Bd5 17. h4 Bxa2 18. h5 Bc4 19. Nb5 Bxb5 20. Bxb5 Rfd8 21. hxg6 Rxd1+ 22. Rxd1 hxg6 23. Bg5 Kg7 24. Rd6 a6 25. Bf6+ Kf8 26. Be2 Ke8 27. f4 Nd7 28. Bg4 Ncb8 29. Rd1 Rc6 30. Re1+ Kf8 31. Bd4 f5 32. Bf3 Rc7 33. Rh1 Nc6 34. Rh8+ Ke7 35. Rh7+ Kd6 36. Bf2 Nd8 37. Bd4 Ne6 38. Rh6 Nef8 39. Bh5 Kd5 40. Bxg6 Nxg6 41. Rxg6 Ke4 42. Re6+ Kxf4 43. Re7 Kg3 44. Rg7+ Kh4 45. Bb6 Nxb6 46. Rxc7 Kg3 47. Rg7+ Kf2 48. Rxb7 Nd5 49. c4 Ne3 50. c5 Kxg2 51. c6 Nd5 52. c7 1-0


[Site "https://www.chess.com"]

[Event "Titled Tuesday Blitz May 9 Early 2023"]
[White "Seemann, Jakub"]
[Black "Djordjevic, Vuk"]
[WhiteFideId "21874697"]
[BlackFideId "902098"]
[WhiteElo "2364"]
[BlackElo "2452"]
[Result "1-0"]
[Round "09"]
[TimeControl "180+2"]
[Date "2023.05.09"]
[WhiteClock "0:00:09"]
[BlackClock "0:00:03"]

1. e4 d5 2. exd5 Qxd5 3. Nc3 Qd6 4. d4 Nf6 5. g3 c6 6. Bf4 Qd8 7. Bg2 Bg4 8. Nge2 e6 9. h3 Bxe2 10. Qxe2 Qxd4 11. O-O Be7 12. Rad1 Qb6 13. b4 Qxb4 14. Ne4 Nxe4 15. Bxe4 Qc5 16. Rb1 b6 17. Be3 Qa5 18. Bd2 Qa3 19. Rb3 Qa4 20. Bc3 O-O 21. Rd1 Rd8 22. Rxd8+ Bxd8 23. Qd3 Be7 24. Bxh7+ Kf8 25. Be4 Qa6 26. Qf3 Qc8 27. Qh5 Ke8 28. Bxg7 Nd7 29. Rf3 Nf6 30. Bxf6 Bxf6 31. Rxf6 Qc7 32. Qh8+ Ke7 33. Rxf7+ Kxf7 34. Qh7+ 1-0


[Site "https://www.chess.com"]

[Event "Titled Tuesday Blitz May 9 Early 2023"]
[White "Sahib Singh"]
[Black "Morefield, Jason"]
[WhiteFideId "25618342"]
[BlackFideId "30920825"]
[WhiteElo "1934"]
[BlackElo "2171"]
[Result "1/2-1/2"]
[Round "09"]
[TimeControl "180+2"]
[Date "2023.05.09"]
[WhiteClock "0:00:30"]
[BlackClock "0:00:07"]

1. e4 d6 2. d4 Nf6 3. Nc3 g6 4. f4 Bg7 5. Nf3 c5 6. e5 Ng4 7. h3 cxd4 8. Qxd4 Nh6 9. g4 O-O 10. Qe4 dxe5 11. fxe5 f5 12. exf6 exf6 13. Bc4+ Kh8 14. O-O f5 15. Qd5 Qb6+ 16. Kg2 fxg4 17. hxg4 Bxg4 18. Bxh6 Bxh6 19. Ne5 Bf5 20. Nf7+ Rxf7 21. Qxf7 Nc6 22. Rae1 Qd8 23. Ne4 Ne5 24. Qd5 Nxc4 25. Qxc4 Qh4 26. Qc3+ Bg7 27. Qf3 Re8 28. Nf2 Rf8 29. Qg3 Qxg3+ 30. Kxg3 Bxb2 31. Re7 Kg8 32. Ng4 Bg7 33. Ne3 Bc8 34. Rxf8+ Bxf8 35. Re8 Bd7 36. Rb8 Bc6 37. Nc4 Kf7 38. Ne5+ Kg7 39. Nxc6 Bd6+ 40. Kg4 Bxb8 41. Nxb8 Kf6 42. Nd7+ Ke7 43. Nc5 b6 44. Ne4 Kd7 45. Nf6+ Kc6 46. Nxh7 Kc5 47. Nf8 Kc4 48. Nxg6 Kc3 49. Ne5 Kxc2 50. Nc6 a5 51. Kf4 Kb2 52. Ke4 Kxa2 53. Kd3 Kb3 54. Nd4+ Kb2 55. Kc4 a4 56. Nb5 a3 57. Nxa3 Kxa3 58. Kb5 Kb3 59. Kxb6 1/2-1/2


[Site "https://www.chess.com"]

[Event "Titled Tuesday Blitz May 9 Early 2023"]
[White "Hasangatin, Ramil"]
[Black "Staudenhocker43"]
[WhiteFideId "4122160"]
[WhiteElo "2279"]
[BlackElo "2532"]
[Result "1-0"]
[Round "09"]
[TimeControl "180+2"]
[Date "2023.05.09"]
[WhiteClock "0:00:20"]
[BlackClock "0:00:09"]

1. e4 c6 2. Nf3 d5 3. d3 g6 4. Qe2 Bg7 5. g3 dxe4 6. dxe4 e5 7. Bg2 Ne7 8. O-O O-O 9. a4 a5 10. Rd1 Qc7 11. Nbd2 b6 12. Nb3 Ba6 13. Qe1 Nd7 14. Be3 Rfd8 15. Bf1 Bxf1 16. Qxf1 Nf8 17. Qc4 Ne6 18. Ng5 Rxd1+ 19. Rxd1 Rd8 20. Rxd8+ Nxd8 21. Qa6 c5 22. Nd2 Ndc6 23. Nc4 Nc8 24. c3 Bh6 25. Qa8 Kg7 26. Nf3 Bxe3 27. Nxe3 N6e7 28. Nd5 Nxd5 29. Qxd5 f6 30. Nd2 Qd6 31. Nc4 Qxd5 32. exd5 Kf7 33. Kg2 Ke7 34. Kf3 f5 35. Ke3 Kf6 36. f3 g5 37. g4 h6 38. d6 f4+ 39. Ke4 Ke6 40. d7 Kxd7 41. Kxe5 Ke7 42. Kf5 Kf7 43. Ne5+ Ke7 44. Kg6 Ke6 45. Nc4 Kd5 46. Nd2 Nd6 47. Kxh6 Nc4 48. Nxc4 Kxc4 49. Kxg5 Kb3 50. h4 Kxb2 51. h5 Kxc3 52. h6 c4 53. h7 Kd2 54. h8=Q c3 55. Qd4+ Kc2 56. Kxf4 Kb3 57. Qd1+ Kb2 58. g5 c2 59. Qd2 Kb1 60. g6 c1=Q 61. Qxc1+ Kxc1 62. g7 1-0


[Site "https://www.chess.com"]

[Event "Titled Tuesday Blitz May 9 Early 2023"]
[White "Yuan, Qingyu"]
[Black "Janaszak, Dawid"]
[WhiteFideId "8609772"]
[BlackFideId "1119206"]
[WhiteElo "2359"]
[BlackElo "2220"]
[Result "1-0"]
[Round "09"]
[TimeControl "180+2"]
[Date "2023.05.09"]
[WhiteClock "0:00:08"]
[BlackClock "0:00:00"]

1. d4 d5 2. c4 e6 3. Nf3 c5 4. cxd5 exd5 5. g3 Nc6 6. Bg2 Nf6 7. O-O Be7 8. b3 O-O 9. Bb2 Re8 10. Nbd2 cxd4 11. Nxd4 Bg4 12. h3 Bd7 13. Rc1 Qa5 14. a4 Rad8 15. N2f3 Ne4 16. Qd3 Nb4 17. Qb1 Bf8 18. Rfd1 a6 19. e3 Qb6 20. Ne2 Nc6 21. Nfd4 Bc5 22. Qc2 Bb4 23. Nf4 Nf6 24. g4 Qa5 25. Nf5 Bxf5 26. Qxf5 d4 27. Bxc6 Qxf5 28. gxf5 bxc6 29. Rxd4 Be7 30. Rxc6 Rb8 31. Rd3 a5 32. Kg2 h6 33. Ra6 Bb4 34. Bxf6 gxf6 35. Rxf6 Re5 36. Rd5 Re4 37. Rxh6 Rc8 38. Nh5 Rc2 39. Nf6+ Kg7 40. Nxe4 Kxh6 41. f6 Kg6 42. Rg5+ Kh6 43. Rg7 Rb2 44. Rxf7 Rxb3 45. Rg7 Rd3 46. Ng3 Rd5 47. e4 Re5 48. Kf3 Bc3 49. Kg4 Rc5 50. Nf5+ 1-0


[Site "https://www.chess.com"]

[Event "Titled Tuesday Blitz May 9 Early 2023"]
[White "HamedWafa4"]
[Black "Salinas Herrera, Pablo"]
[BlackFideId "3407128"]
[WhiteElo "2560"]
[BlackElo "2546"]
[Result "0-1"]
[Round "09"]
[TimeControl "180+2"]
[Date "2023.05.09"]
[WhiteClock "0:00:00"]
[BlackClock "0:00:20"]

1. e4 c5 2. Nf3 e6 3. d4 cxd4 4. Nxd4 a6 5. g3 d6 6. Bg2 Be7 7. Nc3 Nf6 8. O-O O-O 9. Re1 Qc7 10. h3 Nc6 11. Nxc6 bxc6 12. Na4 Rb8 13. b3 e5 14. c4 Be6 15. Bb2 Nd7 16. Rc1 f6 17. Bf1 Rfd8 18. Qe2 a5 19. Red1 Nf8 20. Bg2 Bf7 21. Rd2 Ne6 22. Rcd1 c5 23. Rf1 Nd4 24. Bxd4 cxd4 25. Nb2 Bf8 26. Nd3 a4 27. Rb1 axb3 28. axb3 Rdc8 29. Rc2 Qd8 30. Rcc1 g6 31. h4 h5 32. Bh3 Rc7 33. Kh2 Bh6 34. f4 Qe7 35. Rf1 Kh7 36. f5 g5 37. g4 gxh4 38. gxh5 Rcb7 39. Qd1 Be3 40. Qg4 Rxb3 41. Rxb3 Rxb3 42. Nf2 Bf4+ 43. Kh1 Bg5 44. Rg1 Qe8 45. Qd1 Rb2 46. Rg2 Bxh5 47. Qa1 Qb8 48. Kh2 Bf4+ 0-1


[Site "https://www.chess.com"]